cohdb
Replays
Latest Replays
All Replays
Popular Replays
Top Player Replays
Match Explorer
How It Works
Community
CoH3 Stats
Reddit
Sign in to upload your games and track your stats! →
Sign in with Steam
Match 42910469
Unlisted
Match 42910469
Overview
Messages
Build Orders
End
Kradschützen Motorcycle Team
Selects Italian Infantry
Selects Italian Infantry
Panzerpioneer Squad
Construct Light Support Kompanie
MG34 Team
Selects Guastatori Squad
Guastatori Squad
Fire Support Elements
le.IG 18 Mechanized Group
MG34 Team
Flakvierling Half-track
2.5-tonne Medical Truck
Selects Defensive Operations
Selects Registered Artillery
Registered Artillery
le.IG 18 Support Gun Team
Guastatori Squad
le.IG 18 Mechanized Group
Construct Panzerarmee Kommand
Guastatori Squad
Selects Territory Booby Traps
Selects Obice 305mm Barrage
Darth Wraith Bohemia Protektor
Kaboom!!!
Bevo
killall
HardcorePoney
erikvandenwijngaard
0
0
Comments
sign in to comment!
No comments posted yet!